 Dungeon Crawl Stone Soup version 0.26-a0-520-g952f204493 (webtiles) character file.

Game seed: 8366653607561209311

57 Morbidden the Sneak (level 4, 0/28 HPs)
             Began as a Kobold Brigand on Aug 12, 2020.
             Succumbed to an adder's poison
             ... on level 2 of the Dungeon.
             The game lasted 00:02:17 (1274 turns).

Morbidden the Sneak (Kobold Brigand)                Turns: 1274, Time: 00:02:18

Health: 0/28       AC:  3    Str:  8    XL:     4   Next: 18%
Magic:  4/4        EV: 14    Int: 13    God:
Gold:   83         SH:  0    Dex: 16    Spells: 3/3 levels left

rFire    . . .     SeeInvis .   a - +2 dagger
rCold    . . .     Faith    .   (shield restricted)
rNeg     . . .     Spirit   .   b - +0 robe
rPois    .         Reflect  .   (no helmet)
rElec    .         Harm     .   c - +0 cloak
rCorr    .                      (no gloves)
MR       .....                  (no boots)
Stlth    ++++......             h - amulet of magic regeneration
HPRegen  0.09/turn              (no ring)
MPRegen  0.34/turn              (no ring)

@: lethally poisoned (0 -> -12)
A: small, nightstalker 3
a: no special abilities


You were on level 2 of the Dungeon.
You visited 1 branch of the dungeon, and saw 2 of its levels.

You collected 83 gold pieces.

Inventory:

Hand Weapons
 a - a +2 dagger (weapon)
Missiles
 d - 27 poisoned darts (quivered)
 e - 2 curare-tipped darts
Armour
 b - a +0 robe (worn)
 c - a +0 cloak (worn)
Jewellery
 h - an amulet of magic regeneration (around neck)
Scrolls
 f - 2 scrolls of teleportation {unknown}
 g - 2 scrolls of identify {unknown}
 j - a scroll of remove curse {unknown}
 l - a scroll of fog {unknown}
 m - a scroll of amnesia {unknown}
 n - a scroll of immolation {unknown}
 o - a scroll of noise {unknown}


   Skills:
 * Level 3.0 Fighting
 * Level 3.1 Short Blades
 + Level 2.5 Throwing
 + Level 1.3 Dodging
 + Level 6.4 Stealth


You had 3 spell levels left.
You didn't know any spells.
Your spell library was empty.

Dungeon Overview and Level Annotations

Branches:
Dungeon (2/15)

Altars:


Innate Abilities, Weirdness & Mutations

You are small and have problems with some larger weapons.
You are completely attuned to the shadows.


Message History

You feel magically purged.
You feel yourself slow down.
* * * LOW HITPOINT WARNING * * *
You feel sick.
Unknown command.
Unknown command.
Unknown command.
Unknown command.
* * * LOW HITPOINT WARNING * * *
You feel sick.
* * * LOW HITPOINT WARNING * * *
You feel sick.
Unknown command.
* * * LOW HITPOINT WARNING * * *
You feel sick.
Found a scroll labeled PIEDERGH VONIXT.
You see here a poisoned dart.
* * * LOW HITPOINT WARNING * * *
You feel sick.
You die...

###### #..... #####
#.#### .. ...##...#
#.# #.#.#....#.###.#
..?....†).....#
####..#####.######
#...@.# #.# #.....#
#.# ..####.(..##
#.##### ..#.........
###......
..................(###
##.........######.# ##
#.......### #.# .. ..
#.###...# #.# ##
..#####.# ...# #.#


There were no monsters in sight!

Vanquished Creatures
  2 adders (D:2)
  An ooze (D:1)
  3 dart slugs
  A giant cockroach (D:1)
  2 hobgoblins
  2 jackals (D:1)
  A ball python (D:1)
  4 bats
  3 frilled lizards
  9 kobolds
  5 rats (D:1)
33 creatures vanquished.

Notes
Turn   | Place    | Note
-------+----------+-------------------------------------------
     0 | D:1      | Morbidden the Kobold Brigand began the quest for the Orb.
     0 | D:1      | Reached XP level 1. HP: 12/12 MP: 1/1
    56 | D:1      | Reached XP level 2. HP: 15/17 MP: 2/2
   405 | D:1      | Reached XP level 3. HP: 20/22 MP: 3/3
   453 | D:1      | Reached skill level 6 in Stealth
  1007 | D:2      | Found a faded altar of an unknown god.
  1200 | D:2      | Reached XP level 4. HP: 23/27 MP: 4/4
  1273 | D:2      | HP: 1/28 [poisoned by an adder]
  1274 | D:2      | Succumbed to an adder's poison

Illustrated notes

Levels and vault maps discovered:
D:1:      sevenhm_arrival_forest_fort_large_4, layout_basic,
          minmay_misc_feat_diagonals
D:2:      layout_loops_ring, lemuel_coloured_pillars_altar,
          chequers_ecumenical_altar_simple, minmay_pentomino_u2

Skill      XL: |  1  2  3  4 |
---------------+-------------+-----
Short Blades   | 3 |  3.1
Stealth        | 6 |  6.4
Fighting       | 3 |  3.0
Throwing       | |  2.5
Dodging        | |  1.3

Action                   |  1- 3 |  4- 6 || total
-------------------------+-------+-------++-------
Melee: Dagger            |    76 |    13 ||    89
Throw: Dart              |     1 |     1 ||     2
  Use: Potion            |       |     2 ||     2
 Stab: Sleeping          |    20 |       ||    20
Armor: Robe              |     6 |       ||     6
Dodge: Dodged            |    43 |     7 ||    50

Table legend: (Time is in decaauts)
 A = Elapsed time spent in this place.
 B = Non-inter-level travel time spent in this place.
 C = Inter-level travel time spent in this place.
 D = Time resting spent in this place.
 E = Time spent auto-exploring this place.
 F = Levels seen in this place.
 G = Mean time per level.
                   A        B        C        D        E       F      G
               +--------+--------+--------+--------+--------+-----+--------+
         Total |   1260 |   1220 |     40 |      0 |    992 |   2 |  630.0 |
       Dungeon |   1260 |   1220 |     40 |      0 |    992 |   2 |  630.0 |
               +--------+--------+--------+--------+--------+-----+--------+

Top non-repeatable levels by time:
     D:1: 826 daAuts
     D:2: 433 daAuts
